 Dungeon Crawl Stone Soup version 0.18-a0-1425-g646b864 (webtiles) character file.

806 Reinor the Covert (level 7, 0/35 HPs)
             Began as a Spriggan Abyssal Knight on Feb 27, 2016.
             Was a Believer of Lugonu.
             Succumbed to a centaur's poison
             ... on level 5 of the Dungeon.
             The game lasted 00:12:49 (5782 turns).

Reinor the Covert (Spriggan Abyssal Knight)         Turns: 5782, Time: 00:12:49

Health: 0/35       AC:  7    Str:  8    XL:     7   Next: 60%
Magic:  10/10      EV: 19    Int: 15    God:    Lugonu [**....]
Gold:   240        SH:  0    Dex: 16    Spells: 0 memorised, 6 levels left

rFire  . . .     SeeInvis +     r - +1 short sword (freeze)
rCold  . . .     Gourm    .     a - +2 robe
rNeg   . . .     Faith    .     (shield restricted)
rPois  .         Spirit   .     (helmet restricted)
rElec  .         Dismiss  +     d - +2 cloak
rCorr  +         Reflect  .     (gloves unavailable)
SustAt .         Harm     .     (boots unavailable)
MR     +....                    p - amulet of dismissal
Stlth  ++++......               (no ring)
                                h - ring of resist corrosion

@: lethally poisoned (0 -> -12), exhausted, slowed, invisible, quick, somewhat
resistant to hostile enchantments, stealthy
A: unfitting armour, see invisible, herbivore 3, speed 3, slow metabolism 2
a: Depart the Abyss, Bend Space, Renounce Religion


You were on level 5 of the Dungeon.
You worshipped Lugonu.
Lugonu was pleased with you.
You were near starving.

You visited 1 branch of the dungeon, and saw 5 of its levels.
You visited the Abyss 1 time.

You collected 240 gold pieces.

Inventory:

Hand Weapons
 r - a +1 short sword of freezing (weapon)
Armour
 a - a +2 robe (worn)
 d - a +2 cloak (worn)
Jewellery
 h - a ring of resist corrosion (left hand)
 p - an amulet of dismissal (around neck)
Wands
 l - a wand of flame (5/48)
 q - a wand of lightning (11/15)
Scrolls
 g - a scroll of blinking {unknown}
 o - a scroll of teleportation
Potions
 b - a potion of berserk rage
 e - a potion of brilliance
 j - a potion of cure mutation
 k - a potion of cancellation {unknown}
 m - a potion of curing {unknown}
 n - 3 potions of lignification
Books
 f - a book of Geomancy

   Spells                             Type                      Level
   a - Sandblast                      Earth                        1
   b - Passwall                       Transmutation/Earth          2
   c - Stone Arrow                    Conjuration/Earth            3
   d - Petrify                        Transmutation/Earth          4
   e - Lee's Rapid Deconstruction     Earth                        5
Comestibles
 c - 2 bread rations


   Skills:
 - Level 2.6 Fighting
 - Level 6.0 Short Blades
 - Level 3.7 Dodging
 - Level 8.0 Stealth
 + Level 3.3 Invocations
 + Level 3.4 Evocations


You had 6 spell levels left.
You didn't know any spells.

Dungeon Overview and Level Annotations

Branches:
Dungeon (5/15)             Temple (0/1) D:5

Altars:
Nemelex Xobeh
Ru


Innate Abilities, Weirdness & Mutations

You are tiny and cannot use many weapons and most armour.
You have supernaturally acute eyesight.
You are an herbivore.
You cover ground extremely quickly.
You need consume almost no food.


Message History

You feel sick.
Drink which item? (? for menu, Esc to quit)
It was a potion of berserk rage.
A red film seems to cover your vision as you go berserk!
You feel yourself moving faster!
You feel mighty!
* * * LOW HITPOINT WARNING * * *
You feel sick.
You are too berserk!
You feel a strong urge to attack something.
* * * LOW HITPOINT WARNING * * *
You feel sick.
You feel your anger subside.
You are no longer berserk.
You are exhausted.
You feel yourself slow down.
You are near starving!
You see here a poisoned arrow.
Drink which item? (? for menu, Esc to quit)
It was a potion of invisibility.
You fade into invisibility!
You die...

....# #.............# #
.o. ##.............#
#o###.............
#.##.........)...
#o.#............# #
##o##...........# #
#(.###...8....## ##
##.##..#...########.
#.@...######..8.8..
######...#### #........
##...........###.......8
.................#######
#...............## #
#.............###
###############


You could see an orc wizard and 3 orcs.

Vanquished Creatures
  A necrophage (D:5)
  A centaur (D:5)
  Blork the orc (D:3)
  A scorpion (D:4)
  A howler monkey (D:5)
  2 giant frog zombies (D:4)
  A centaur zombie (D:4)
  A hound (D:4)
  An orc priest (D:3)
  2 orc wizards
  A giant frog skeleton (D:4)
  Natasha (twice) (D:3)
  2 worker ants (D:4)
  A hound zombie (D:5)
  A worker ant zombie (D:4)
  2 adders
  A shadow imp (D:5)
  An ooze (D:2)
  An adder skeleton (D:4)
  2 worms (D:3)
  10 orcs
  4 giant cockroaches
  7 goblins
  5 hobgoblins
  7 jackals
  7 kobolds
  4 quokkas
  4 bats
  4 giant newts
  A jackal zombie (D:4)
  A quokka skeleton (D:4)
  A quokka zombie (D:4)
  5 rats
86 creatures vanquished.

Vanquished Creatures (others)
  10 starspawn tentacles (Abyss:1)
  27 starspawn tentacle segments (Abyss:1)
37 creatures vanquished.

Grand Total: 123 creatures vanquished

Notes
Turn   | Place    | Note
--------------------------------------------------------------
     0 | Abyss:1  | Reinor the Spriggan Abyssal Knight began the quest for the Orb.
     0 | Abyss:1  | Reached XP level 1. HP: 11/11 MP: 3/3
    49 | Abyss:1  | Noticed a tentacled starspawn
   125 | Abyss:1  | Found a corrupted altar of Lugonu.
   128 | Abyss:1  | Noticed a large abomination
   210 | Abyss:1  | Noticed a large abomination
   226 | Abyss:1  | Noticed a small abomination
   226 | Abyss:1  | Noticed a rust devil
   229 | D:1      | Escaped the Abyss
   350 | D:1      | Reached * piety under Lugonu
   350 | D:1      | Reached XP level 2. HP: 10/16 MP: 4/4
   775 | D:1      | Reached skill level 1 in Stealth
  1151 | D:2      | Reached skill level 2 in Stealth
  1151 | D:2      | Reached XP level 3. HP: 13/19 MP: 5/5
  1562 | D:2      | Found a sparkling altar of Nemelex Xobeh.
  2017 | D:3      | Noticed Natasha
  2024 | D:3      | Killed Natasha
  2024 | D:3      | Reached skill level 3 in Stealth
  2024 | D:3      | Reached XP level 4. HP: 20/23 MP: 6/6
  2053 | D:3      | Noticed Natasha
  2080 | D:3      | Killed Natasha
  2080 | D:3      | Reached skill level 4 in Stealth
  2113 | D:3      | Reached ** piety under Lugonu
  2575 | D:3      | Reached XP level 5. HP: 11/27 MP: 7/7
  2584 | D:3      | Reached skill level 5 in Stealth
  2805 | D:3      | Found a sacrificial altar of Ru.
  3402 | D:4      | Reached skill level 6 in Stealth
  3411 | D:4      | Reached XP level 6. HP: 32/32 MP: 8/8
  3412 | D:4      | Reached skill level 5 in Short Blades
  4218 | D:4      | Noticed Blork the orc
  4243 | D:4      | Reached skill level 7 in Stealth
  4449 | D:3      | Killed Blork the orc
  4821 | D:4      | Reached XP level 7. HP: 25/35 MP: 9/9
  4968 | D:4      | Reached skill level 8 in Stealth
  5273 | D:5      | Entered Level 5 of the Dungeon
  5341 | D:5      | Found a staircase to the Ecumenical Temple.
  5389 | D:5      | Reached skill level 1 in Evocations
  5782 | D:5      | Succumbed to a centaur's poison

Vault maps used:
D:1:      sevenhm_arrival_forest_fort_small_4
D:2:      nemelex_xobeh_ov_fountains_minmay
D:3:      old_standard_altar, first_bread, minmay_tree_intersection,
          kennysheep_big_empty_room, uniq_natasha
D:4:      serial_undead, serial_undead_f, serial_undead_c, serial_undead_c,
          serial_undead_d, uniq_blork_the_orc
D:5:      ashenzari_conservatory_becter, kennysheep_mini_moat,
          minmay_temple_entry_fiery, serial_column_ruins, column_ruins_grid_1,
          column_ruins_grid_1, column_ruins_grid_2,
          column_ruins_corridor_straight, column_ruins_columns_straight,
          column_ruins_corridor_straight, minmay_misc_feat_four_crosses

Skill      XL: |  1  2  3  4  5  6  7 |
---------------+----------------------+-----
Invocations    | 2 3 |  3.3
Stealth        | 2 3 4 6 7 8 |  8.0
Short Blades   | 3 4 5 6 |  6.0
Evocations     | 3 |  3.4
Fighting       | |  2.6
Dodging        | |  3.7

Action                   |  1- 3 |  4- 6 |  7- 9 || total
-------------------------+-------+-------+-------++-------
Melee: Short sword       |   134 |   224 |    60 ||   418
Invok: Depart the Abyss  |     1 |       |       ||     1
Evoke: Wand              |       |    10 |       ||    10
  Use: Scroll            |     3 |     6 |     4 ||    13
       Potion            |       |       |     2 ||     2
 Stab: Sleeping          |     4 |     6 |     6 ||    16
  Eat: Royal jelly       |       |       |     1 ||     1
